Map: Jagannatha LE

Players

Throwfordays - Winner!

  • Race: Zerg Zerg
  • League: Gold

DreadBot

  • Race: Terran Terran
  • League: Silver

VOD

Have the link to the VOD?

Description

Time

  • Played on: June 18, 2021, 4:04 p.m.
  • Length: 6:21
Show
View Real Time Build Order
Export as new Build Order

Throwfordays Zerg - Winner!

Build Orders: Hatch First, Zergling Baneling 

Get SALT Encoding   

  12  0:02  Drone  
  13  0:13  Overlord  
  13  0:18  Drone  
  14  0:42  Hatchery  
  13  0:46  Drone  
  14  0:51  Drone  
  14  0:54  Drone  
  16  1:12  Spawning Pool  
  16  1:13  Drone  
  16  1:19  Extractor, Drone  
  16  1:22  Drone  
  17  1:31  Drone  
  18  1:43  Drone  
  18  1:46  Extractor  
  18  1:51  Drone  
  19  1:57  Drone  
  19  1:59  Queen  
  22  2:01  Queen  
  24  2:08  Overlord  
  24  2:15  Drone  
  25  2:22  Drone x2  
  27  2:47  Drone x2  
  27  2:50  Drone x2  
  31  2:52  Zergling x2  
  31  2:55  Metabolic Boost  
  31  2:57  Lair  
  32  3:02  Drone  
  33  3:10  Baneling Nest  
  32  3:15  Zergling x6  
  32  3:17  Zergling x2  
  32  3:19  Overlord x2  
  36  3:27  Overlord  
  36  3:37  Zergling x2  
  36  3:38  Zergling x4  
  39  3:44  Drone  
  39  3:45  Drone  
  39  3:48  Zergling x2  
  42  3:54  Centrifical Hooks  
  42  3:57  Zergling x6  
  42  3:59  Zergling x2  
  46  4:09  Zergling x2  
  48  4:17  Drone x5  
  48  4:21  Drone  
  53  4:30  Baneling x4  
  53  4:31  Baneling x9  
  53  4:40  Zergling x4  
  53  4:44  Drone x2  
  57  4:48  Zergling x2  
  57  4:52  Zergling x2  
  59  4:55  Zergling x2  
  59  4:57  Overlord x2  
  60  5:15  Hatchery  
  53  5:35  Zergling x4  
  53  5:36  Zergling x8  
  53  5:37  Zergling x2  
  53  5:38  Zergling x10  
  55  6:03  Zergling x4  
  55  6:04  Zergling x2  
Show
View Real Time Build Order
Export as new Build Order

DreadBot Terran 

Build Orders:  

Get SALT Encoding   

  12  0:01  SCV  
  13  0:13  SCV  
  14  0:19  Supply Depot  
  14  0:39  SCV  
  15  0:44  Barracks  
  15  0:50  Refinery  
  15  0:51  SCV  
  16  1:04  SCV  
  17  1:17  SCV  
  18  1:31  Orbital Command  
  18  1:41  Command Center  
  18  1:52  Barracks Reactor  
  18  2:07  SCV  
  19  2:16  Supply Depot  
  19  2:21  SCV  
  20  2:30  Marine x2  
  22  2:42  Factory  
  22  2:46  SCV  
  23  2:52  Marine x2  
  23  2:55  Orbital Command  
  25  3:02  SCV  
  26  3:09  Marine  
  26  3:10  Marine  
  28  3:17  SCV  
  29  3:38  Barracks Tech Lab  
  29  3:42  Refinery, Hellion x2  
  33  3:50  SCV x2  
  35  3:58  Combat Shield  
  35  4:00  Marine  
  36  4:05  Hellion  
  36  4:06  Hellion  
  36  4:09  SCV x2  
  42  4:21  Marauder  
  44  4:26  Supply Depot  
  44  4:32  Hellion  
  44  4:33  Hellion  
  48  4:42  Engineering Bay  
  48  5:00  Hellion  
  48  5:01  Hellion  
  52  5:22  Hellion  
Tags
 
Add a new tag
Caveats
  • Supply blocks, unpowered buildings, or Contaminate may cause inaccurate times.
  • Supply counts are checked every 10 seconds.